 Dungeon Crawl Stone Soup version 0.28.0-53-g5a82cb258f (webtiles) character file.

Game seed: 14458472585408908589

667 Metae the Skirmisher (level 7, -2/64 HPs)
             Began as a Minotaur Fighter on July 30, 2022.
             Killed by divine providence
             ... invoked by an orc priest
              (11 damage)
             ... on level 4 of the Dungeon on July 31, 2022.
             The game lasted 00:13:08 (4910 turns).

Metae the Skirmisher (Minotaur Fighter)             Turns: 4910, Time: 00:13:08

Health: -2/64      AC:  7    Str: 22    XL:     7   Next: 31%
Magic:  6/6        EV:  9    Int:  5    God:
Gold:   171        SH:  4    Dex: 10    Spells: 6/6 levels left

rFire   + . .      SeeInvis .   x - +0 morningstar (flame)
rCold   . . .      Faith    .   c - +0 buckler
rNeg    . . .      Spirit   .   b - +0 scale mail
rPois   .          Reflect  .   (helmet restricted)
rElec   .          Harm     .   (no cloak)
rCorr   .          Rampage  .   (no gloves)
Will    .....                   (no boots)
Stlth   ..........              (no amulet)
HPRegen 0.20/turn               q - ring of protection from fire
MPRegen 0.10/turn               (no ring)

@: very slow
A: horns 2, retaliatory headbutt
a: no special abilities


You were on level 4 of the Dungeon.
You visited 1 branch of the dungeon, and saw 4 of its levels.
You also visited: Ossuary.

You collected 171 gold pieces.

Inventory:

Hand Weapons
 a - a +0 war axe
 x - a +0 morningstar of flaming (weapon)
Missiles
 e - a boomerang of dispersal
 f - 86 stones
 l - 14 bolts
 m - 7 poisoned darts (quivered)
 w - 12 sling bullets
Armour
 b - a +0 scale mail (worn)
 c - a +0 buckler (worn)
Jewellery
 q - a ring of protection from fire (left hand)
Wands
 z - a wand of flame (11)
Scrolls
 g - 2 scrolls of blinking
 h - a scroll of enchant armour {unknown}
 i - a scroll of summoning {unknown}
 j - a scroll of brand weapon {unknown}
 k - a scroll of noise {unknown}
 n - 2 scrolls of amnesia
 t - 2 scrolls of torment {unknown}
 u - 2 scrolls of enchant weapon {unknown}
 y - a scroll of fog {unknown}
Potions
 d - a potion of might
 o - 3 potions of curing
 p - a potion of ambrosia {unknown}
 r - 2 potions of magic {unknown}
 s - 3 potions of mutation {unknown}
 v - 2 potions of berserk rage {unknown}


   Skills:
 + Level 6.7 Fighting
 - Level 6.1 Axes
 + Level 0.5(3.8) Maces & Flails
 + Level 0.3 Throwing
 + Level 6.2 Armour
 - Level 3.6 Shields


You had 6 spell levels left.
You didn't know any spells.
Your spell library contained the following spells:

 Spells                   Type           Power      Damage    Failure   Level
 Beastly Appendage        Tmut           0%         N/A       86%         1
 Corpse Rot               Necr/Air       0%         N/A       95%         2
 Poisonous Vapours        Pois/Air       0%         N/A       95%         2
 Wereblood                Tmut           0%         N/A       95%         2
 Dazzling Flash           Conj/Hex       0%         N/A       99%         3
 Spider Form              Tmut/Pois      0%         N/A       99%         3
 Agony                    Necr           0%         N/A       100%        5
 Silence                  Hex/Air        0%         N/A       100%        5


Dungeon Overview and Level Annotations

Branches:
Dungeon (4/15)            Ossuary (visited)
 Temple: D:4-7

Altars:

Annotations:
D:4 1 transporter


Innate Abilities, Weirdness & Mutations

You have a pair of horns on your head.
You reflexively headbutt those who attack you in melee.


Message History

Partly explored, unvisited transporter.
Partly explored, unvisited transporter.
The shadow imp shouts, "Turn tail, thou infectious weather-bitten cloven-toed!"
The orc priest shouts!
The shadow imp shouts, "Embrace submission, thou mewling weather-bitten toady!"
The shadow imp lashes its tail.
You see here a +0 ring mail.
The orc priest shouts!
The shadow imp shouts, "Scamper hence, thou hateful hedge-born cud-chewer!"
There is a transporter landing site here.
You can't go down here!
The shadow imp grinds its teeth.
You see here a +0 ring mail.
There is a transporter here.
You enter the transporter and appear at another place.
z - a wand of flame (11)
You open the door. The shadow imp spits at you.
The shadow imp grins evilly.
The shadow imp shouts, "Out, out, thou odious motley-minded cud-chewer!"
There is an open door here.
The orc priest mumbles some strange prayers to Beogh against you.
Beogh smites you!
The orc priest mumbles some strange prayers to Beogh against you.
Pain shoots through your body!
You enter the shallow water.
Moving in this stuff is going to be slow.
The orc priest mumbles some strange prayers to Beogh against you.
Beogh smites you! The shadow imp gestures at you.
Pain shoots through your body!
The orc priest looks satisfied for a moment.
The orc priest calls down the wrath of Beogh upon you.
Beogh smites you!
The orc priest calls down the wrath of Beogh upon you.
Pain shoots through your body!
* * * LOW HITPOINT WARNING * * *
The orc priest calls down the wrath of Beogh upon you.
Beogh smites you!
You die...

# #####...####.....[...#
#########
#.....©..............#
##......#
#.#########..#########
#......# #.#8P$©$P8#..#
#......# #.#≈..$..≈#..#
##......###[####+####..#
.........)..#.≈...≈.#..#
##......##..#.≈...≈.#..#
#..)...##..#5≈P@≈≈o#..#
#......##..#.≈≈♣P≈5#..#
##......##..#.≈≈≈≈≈.#..#
...#######..#o≈...≈.#..#
...# #..#5≈...≈.#..#
...#######..####'####..#
............#P.....P#..#
...######...#8P.©.P8#..#
...# #...#########..##


You could see 2 orc priests and 3 shadow imps.

Vanquished Creatures
  An ogre (D:4)
  An elf zombie (Ossuary)
  A scorpion (D:4)
  A centaur zombie (Ossuary)
  A hound (D:4)
  3 orc priests (D:4)
  Terence (D:1)
  2 orc wizards
  2 hound skeletons (D:4)
  2 mummies (Ossuary)
  7 adders
  A white imp (D:3)
  2 adder zombies (Ossuary)
  An adder skeleton (D:3)
  A worm (D:2)
  3 dart slugs
  7 orcs
  8 ball pythons
  3 bats
  7 endoplasms
  2 giant cockroaches
  5 goblins
  7 hobgoblins
  A quokka (D:3)
  4 frilled lizards (D:1)
  5 goblin zombies
  10 hobgoblin zombies (Ossuary)
  A jackal zombie (Ossuary)
  9 kobolds
  8 kobold zombies (Ossuary)
  10 orc zombies (Ossuary)
  2 rats
  A rat zombie (Ossuary)
120 creatures vanquished.

Notes
Turn   | Place    | Note
-------+----------+-------------------------------------------
     0 | D:1      | Metae the Minotaur Fighter began the quest for the Orb.
     0 | D:1      | Reached XP level 1. HP: 19/19 MP: 0/0
    57 | D:1      | You fall into a shaft and drop 1 floor!
    57 | D:2      | Noticed Terence
    79 | D:1      | Killed Terence
    80 | D:1      | Reached XP level 2. HP: 16/28 MP: 1/1
   358 | D:1      | Reached XP level 3. HP: 34/34 MP: 2/2
   969 | D:1      | Found a faded altar of an unknown god.
  1418 | D:2      | Reached XP level 4. HP: 36/41 MP: 3/3
  1824 | D:3      | Reached skill level 5 in Fighting
  2025 | D:3      | Reached XP level 5. HP: 48/48 MP: 4/4
  2861 | D:4      | Found a sand-covered staircase.
  2869 | Ossuary  | Entered an ossuary
  3056 | Ossuary  | Reached skill level 5 in Armour
  3072 | Ossuary  | Reached skill level 5 in Axes
  3093 | Ossuary  | Reached XP level 6. HP: 14/57 MP: 5/5
  3495 | D:4      | Found a transporter.
  3515 | D:4      | Found a transporter.
  4180 | D:4      | Reached XP level 7. HP: 36/64 MP: 3/6
  4910 | D:4      | Killed from afar by an orc priest

Illustrated notes

Levels and vault maps discovered:
D:1:      minmay_arrival_four_loops, layout_basic,
          ebering_ecumenical_altar_petrified
D:2:      layout_rooms, uniq_terence
D:3:      cheibrodos_helix_gallery, layout_loops_ring
D:4:      gammafunk_wand_slinger, layout_basic, enter_ossuary_4

Skill      XL: |  1  2  3  4  5  6  7 |
---------------+----------------------+-----
Fighting       | 4 5 6 |  6.7
Axes           | 3 4 5 6 |  6.1
Armour         | 4 5 6 |  6.2
Maces & Flails | |  0.5
Throwing       | |  0.3
Shields        | |  3.6

Action                   |  1- 3 |  4- 6 |  7- 9 || total
-------------------------+-------+-------+-------++-------
Melee: War axe           |    55 |   210 |    12 ||   277
       Headbutt          |     8 |    29 |     2 ||    39
       Morningstar       |       |       |     4 ||     4
  Use: Scroll            |       |     3 |       ||     3
Armor: Scale mail        |    20 |    98 |    11 ||   129
Dodge: Dodged            |    24 |    96 |    11 ||   131
Block: Buckler           |    24 |    38 |     2 ||    64
